 Dungeon Crawl Stone Soup version 0.31-a0-112-gdf0485fa37 (webtiles) character file.

Game seed: 2677902981438616265

92 Querens the Conjurer (level 4, -4/24 HPs)
             Began as a Deep Elf Conjurer on May 28, 2023.
             Slain by Grinder (6 damage)
             ... on level 3 of the Dungeon.
             The game lasted 00:06:18 (1518 turns).

Querens the Conjurer (Deep Elf Conjurer)            Turns: 1518, Time: 00:06:19

Health: -4/24      AC:  2    Str:  4    XL:     4   Next: 35%
Magic:  9/13       EV:  9    Int: 25    God:
Gold:   120        SH:  0    Dex: 13    Spells: 10/13 levels left

rFire   . . .        d - +2 whip (venom)
rCold   . . .        (no shield)
rNeg    . . .        a - +0 robe
rPois   .            (no helmet)
rElec   .            (no cloak)
rCorr   .            (no gloves)
SInv    .            (no boots)
Will    .....        (no amulet)
Stlth   ++           (no ring)
HPRegen 0.24/turn    (no ring)
MPRegen 0.13/turn

%: no passive effects
@: constricted
A: no striking features
a: no special abilities


You were on level 3 of the Dungeon.
You visited 1 branch of the dungeon, and saw 3 of its levels.

You collected 120 gold pieces.

Inventory:

Hand Weapons
 d - a +2 whip of venom (weapon)
Armour
 a - a +0 robe (worn)
Scrolls
 e - a scroll of enchant armour {unknown}
 f - a scroll of enchant weapon {unknown}
Potions
 b - a potion of magic
 c - a potion of berserk rage {unknown}
 g - a potion of invisibility {unknown}
 h - a potion of might {unknown}
 i - 2 potions of curing {unknown}


   Skills:
 - Level 2.4 Dodging
 - Level 2.4 Stealth
 + Level 5.0 Spellcasting
 + Level 5.5 Conjurations


You had 10 spell levels left.
You knew the following spells:

 Your Spells              Type           Power      Damage    Failure   Level
a - Magic Dart            Conj           100%       1d8       1%          1
b - Searing Ray           Conj           66%        2d6       1%          2

Your spell library contained the following spells:

 Spells                   Type           Power      Damage    Failure   Level
 Dazzling Flash           Conj/Hex       40%        N/A       8%          3
 Fulminant Prism          Conj/Hex       10%        3d8       26%         4
 Iskenderun's Mystic Bla  Conj/Tloc      20%        2d6       26%         4


Dungeon Overview and Level Annotations

Branches:
Dungeon (3/15)

Altars:

Annotations:
D:3 Grinder


Message History

There is a stone staircase leading down here.
You climb downwards.
Level annotation: Grinder The ball python hisses angrily.
Grinder gestures at you.
You suddenly lose the ability to move!
Grinder blinks!
The ball python bites you but does no damage.
The ball python grabs you. The ball python constricts you.
The ball python bites you. The ball python constricts you.
The ball python bites you. The ball python constricts you.
Grinder says, "At least Makhleb appreciates what I'm doing."
You can move again.
There is a stone staircase leading up here.
Casting: Searing Ray (safe; 1% risk of failure)
Confirm with . or Enter, or press ? or * to list all spells.
Aiming: Searing Ray (safe; 1% risk of failure)
Press: ? - help, Shift-Dir - straight line, f - Grinder
Aim: Grinder (78% to hit)
The searing ray hits Grinder!
Grinder is moderately wounded. (Press . to maintain the ray.)
The kobold shouts!
The ball python bites you. The ball python constricts you.
Grinder barely misses you.
Unknown command.
The searing ray hits Grinder.
Grinder is moderately wounded.
The ball python barely misses you. The ball python constricts you.
Grinder hits you!
You writhe in agony.
* * * LOW HITPOINT WARNING * * *
Unknown command.
The searing ray hits Grinder.
Grinder is heavily wounded.
The ball python closely misses you. The ball python constricts you.
* * * LOW HITPOINT WARNING * * *
Grinder hits you.
* * * LOW HITPOINT WARNING * * *
You writhe in agony.
You die...

####....#
#.......#
#....... #......#
## #......#
...##......# .#
..........##..#
#.##...†......##
#.$
.#....K?S@5.....#
...
............#.#.#
...
.#..#.g$......#
...
......##.#....#
..K #.....
#.#...... ...
...... #.#......<
..# #....
#......... ..#
#...# #.!.......
... ##.. ...


You could see Grinder, a goblin, a ball python and a kobold.

Vanquished Creatures
  A gnoll (D:2)
  2 adders (D:3)
  A worm (D:2)
  A dart slug (D:1)
  4 orcs (D:2)
  2 ball pythons
  4 bats
  9 endoplasms
  A giant cockroach (D:1)
  4 hobgoblins (D:1)
  4 jackals (D:2)
  5 kobolds
  2 quokkas (D:1)
  3 frilled lizards (D:1)
  3 goblins
  5 rats
51 creatures vanquished.

Notes
Turn   | Place    | Note
-------+----------+-------------------------------------------
     0 | D:1      | Querens the Deep Elf Conjurer began the quest for the Orb.
     0 | D:1      | Reached XP level 1. HP: 10/10 MP: 6/6
   108 | D:1      | Reached XP level 2. HP: 15/15 MP: 0/8
   163 | D:1      | Learned a level 2 spell: Searing Ray
   198 | D:1      | Found a faded altar of an unknown god.
   421 | D:1      | Reached XP level 3. HP: 8/19 MP: 10/10
   432 | D:1      | Reached skill level 5 in Conjurations
  1398 | D:3      | Reached XP level 4. HP: 23/24 MP: 7/12
  1402 | D:3      | Noticed Grinder
  1402 | D:3      | Paralysed by Grinder for 4 turns
  1502 | D:2      | Reached skill level 5 in Spellcasting
  1512 | D:3      | Paralysed by Grinder for 4 turns
  1518 | D:3      | Slain by Grinder

Illustrated notes

Levels and vault maps discovered:
D:1:      evilmike_arrival_hilbert_curve, layout_basic,
          ebering_ecumenical_altar_ruins
D:2:      minmay_inner_zag, layout_basic
D:3:      layout_rooms, uniq_grinder

Skill      XL: |  1  2  3  4 |
---------------+-------------+-----
Spellcasting   | 4 5 |  5.0
Conjurations   | 5 |  5.5
Dodging        | |  2.4
Stealth        | |  2.4

Action                     |  1- 3 |  4- 6 || total
---------------------------+-------+-------++-------
  Melee: Whip              |    28 |     6 ||    34
         Dagger            |     2 |       ||     2
         Unarmed           |     1 |       ||     1
   Cast: Magic Dart        |    26 |       ||    26
         Searing Ray       |    10 |     3 ||    13
   Stab: Distracted        |     1 |       ||     1
 Armour: Robe              |    12 |     2 ||    14
  Dodge: Dodged            |    27 |     8 ||    35

Table legend: (Time is in decaauts)
 A = Elapsed time spent in this place.
 B = Non-inter-level travel time spent in this place.
 C = Inter-level travel time spent in this place.
 D = Time resting spent in this place.
 E = Time spent auto-exploring this place.
 F = Levels seen in this place.
 G = Mean time per level.
                   A        B        C        D        E       F      G
               +--------+--------+--------+--------+--------+-----+--------+
         Total |   1525 |   1444 |     81 |      3 |      0 |   3 |  508.3 |
       Dungeon |   1525 |   1444 |     81 |      3 |      0 |   3 |  508.3 |
               +--------+--------+--------+--------+--------+-----+--------+

Top non-repeatable levels by time:
     D:2: 793 daAuts
     D:1: 692 daAuts
     D:3: 39 daAuts
